 Dungeon Crawl Stone Soup version 0.30-a0-723-gc1506a1cf0 (webtiles) character file.

Game seed: 7230523198948176154

35 avis the Shooter (level 3, -2/29 HPs)
             Began as a Demigod Hunter on Jan 29, 2023.
             Succumbed to a goblin's poison
             ... on level 2 of the Dungeon.
             The game lasted 00:06:45 (707 turns).

avis the Shooter (Demigod Hunter)                    Turns: 707, Time: 00:06:45

Health: -2/29      AC:  3    Str: 12    XL:     3   Next: 4%
Magic:  5/5        EV: 13    Int: 11    God:
Gold:   53         SH:  0    Dex: 21    Spells: 2/2 levels left

rFire   . . .      SeeInvis .    a - +0 shortbow
rCold   . . .      Faith    .    (shield currently unavailable)
rNeg    . . .      Spirit   .    c - +0 leather armour
rPois   .          Reflect  .    (no helmet)
rElec   .          Harm     .    (no cloak)
rCorr   .          Rampage  .    (no gloves)
Will    .....                    (no boots)
Stlth   ++                       (no amulet)
HPRegen 0.24/turn                (no ring)
MPRegen 0.09/turn                (no ring)

@: mighty, lethally poisoned (-2 -> -16), flying
A: high MP 1, forlorn, divine attributes, talons 1
a: no special abilities


You were on level 2 of the Dungeon.
You visited 1 branch of the dungeon, and saw 2 of its levels.

You collected 53 gold pieces.

Inventory:

Hand Weapons
 a - a +0 shortbow (weapon)
 f - a +0 dagger
Missiles
 h - 5 poisoned darts
Armour
 c - a +0 leather armour (worn)
Magical Staves
 e - a staff of air
 n - a staff of cold
Scrolls
 b - a scroll of immolation
 g - a scroll of teleportation {unknown}
 i - a scroll of enchant weapon {unknown}
 l - a scroll of identify {unknown}
 m - a scroll of acquirement {unknown}


   Skills:
 - Level 2.0 Fighting
 - Level 4.0 Ranged Weapons
 * Level 2.7 Dodging
 - Level 1.0 Stealth


You had 2 spell levels left.
You didn't know any spells.
Your spell library contained the following spells:

 Spells                   Type           Power      Damage    Failure   Level
 Apportation              Tloc           0%         N/A       41%         1
 Necrotise                Necr           0%         1d4       41%         1
 Summon Small Mammal      Summ           0%         N/A       41%         1
 Borgnjor's Revivificati  Necr           0%         N/A       100%        8
 Necromutation            Tmut/Necr      0%         N/A       100%        8
 Death's Door             Necr           0%         N/A       100%        9


Dungeon Overview and Level Annotations

Branches:
Dungeon (2/15)

Annotations:
D:2 Robin


Innate Abilities, Weirdness & Mutations

You have an increased reservoir of magic. (+10% MP)
You shall have no god before yourself.
Your divine heritage dramatically boosts your attributes as you level up.
You have sharp toenails.


Message History

You are poisoned.
You have reached level 3!
Your experience leads to a dramatic increase in your attributes!
Increase (S)trength, (I)ntelligence, or (D)exterity?
You feel agile. x4
It was a potion of might.
You feel very mighty all of a sudden.
You feel sick. The goblin closely misses you.
The goblin hits you but does no damage.
You are lethally poisoned!
It was a potion of flight.
You feel very buoyant.
You fly up into the air.
You feel very sick. The goblin completely misses you.
The goblin barely misses you.
It was a potion of mutation.
You feel extremely strange.
Your toenails lengthen and sharpen.
You feel very sick.
A goblin comes into view. It is wielding a +0 dagger.
The goblin barely misses you. The goblin hits you but does no damage.
You are more poisoned.
Fire: a) +0 shortbow
Press: ? - help, Q - select action, (/) - cycle Shift-Dir - straight line, f - goblin, p - Robin
Aim: a goblin, wielding a +2 dagger of venom (59% to hit)
You shoot an arrow. The arrow barely misses the goblin.
The goblin shouts!
The arrow hits the goblin!
You kill the goblin!
* * * LOW HITPOINT WARNING * * *
You feel very sick. The goblin hits you but does no damage.
Robin roars a battlecry!
The goblins go into a battle-frenzy!
The goblin barely misses you. The goblin misses you. x2
Fire: a) +0 shortbow
Press: ? - help, Q - select action, (/) - cycle Shift-Dir - straight line, f/p - goblin
Aim: a goblin, wielding a +2 dagger of venom (strong, 59% to hit)
You shoot an arrow. The arrow hits the goblin!
You kill the goblin!
You die...

##...###.##.###.##.##
#.....
#.#.###.##.###.##..########
#..........##..............
#.#.######.###.###.#.......
#.# #†# #.#....... #.#
#.###.#.......
#.###.....#.......
#g#.........).....
#@#######........† #)#
#......... #g# #.........
#g# #####'###.


gg) #.# #. .gg #.# #. ... #.# #. ..... #.# #. #.# #. You could see Robin and 6
goblins.

Vanquished Creatures
  An endoplasm (D:1)
  A giant cockroach (D:1)
  7 goblins
  2 hobgoblins (D:2)
  4 jackals
  2 kobolds
  3 quokkas (D:1)
  3 ball pythons
  5 bats
  2 frilled lizards (D:2)
30 creatures vanquished.

Notes
Turn   | Place    | Note
-------+----------+-------------------------------------------
     0 | D:1      | avis the Demigod Hunter began the quest for the Orb.
     0 | D:1      | Reached XP level 1. HP: 17/17 MP: 3/3
    67 | D:1      | Reached skill level 1 in Stealth
   267 | D:1      | Reached XP level 2. HP: 24/24 MP: 4/4
   336 | D:1      | Reached skill level 4 in Ranged Weapons
   697 | D:2      | Noticed Robin
   703 | D:2      | Reached XP level 3. HP: 18/29 MP: 5/5
   705 | D:2      | Gained mutation: You have sharp toenails. [potion of
                  | mutation]
   707 | D:2      | Succumbed to a goblin's poison

Illustrated notes

Levels and vault maps discovered:
D:1:      amcnicky_arrival_abandoned_market, layout_rooms,
          basic_ecumenical_altar
D:2:      layout_basic, minmay_circle_x, uniq_robin

Skill      XL: |  1  2 |
---------------+-------+-----
Stealth        | 1 |  1.0
Fighting       | 2 |  2.0
Ranged Weapons | 4 |  4.0
Dodging        | 2 |  2.7

Action                     || total
---------------------------++-------
   Fire: Shortbow          ||    77
    Use: Potion            ||     3
 Armour: Leather armour    ||    28
  Dodge: Dodged            ||    39

Table legend: (Time is in decaauts)
 A = Elapsed time spent in this place.
 B = Non-inter-level travel time spent in this place.
 C = Inter-level travel time spent in this place.
 D = Time resting spent in this place.
 E = Time spent auto-exploring this place.
 F = Levels seen in this place.
 G = Mean time per level.
                   A        B        C        D        E       F      G
               +--------+--------+--------+--------+--------+-----+--------+
         Total |    736 |    651 |     85 |     35 |    362 |   2 |  368.0 |
       Dungeon |    736 |    651 |     85 |     35 |    362 |   2 |  368.0 |
               +--------+--------+--------+--------+--------+-----+--------+

Top non-repeatable levels by time:
     D:1: 571 daAuts
     D:2: 165 daAuts
